Blackhawks vs Stars

Created - 10 janvier 2013 at 22:06

Goals
1 2 3 T
Blackhawks 1 0 0 1
Stars 1 1 2 4
Shots
1 2 3 T
Blackhawks 8 7 9 24
Stars 15 9 6 30

1st period

1. Stars , Alexei Kovalev 5 (Steve Rucchin, Patrik Elias) at 2:28 (PP)
2. Blackhawks , Brooks Laich 7 (Nikita Alexeev, Hnat Domenichelli) at 17:25

Penalties :
Brent Sopel (Chi) for Interference (Minor) at 1:51

2nd period

3. Stars , Jan Hlavac 2 (Mark Parrish, Mathieu Schneider) at 8:16

Penalties :
Mathieu Schneider (Dal) for Cross-checking (Minor) at 8:27, Brendan Bell (Dal) for Hooking (Minor) at 15:27

3rd period

4. Stars , Alexei Kovalev 6 (Steve Rucchin, Patrik Elias) at 6:49
5. Stars , Patrick O'Sullivan 1 (Mike Modano) at 11:10

Penalties :
Cory Stillman (Dal) for Boarding (Minor) at 0:05, Jeff Taffe (Chi) for Checking from behind (Major) at 13:26

Goalie Stats

Jocelyn Thibault (Chi), 26 saves from 30 shots - (0,867), L, 5-5-1, 60:00 minutes
Miika Kiprusoff (Dal), 23 saves from 24 shots - (0,958), W, 8-11-2, 60:00 minutes

Players Stats for Blackhawks

Player Name              G  A  P  +/- PIM S  H  SB GA TA FO     MP     PP MP  PK MP  
------------------------------------------------------------------------------------
Bill Guerin              0  0  0  -1  0   1  0  0  0  0  1/1    20:27   3:13   2:25 
Brent Sopel              0  0  0   0  2   0  0  0  0  2  0/0    19:44   2:13   2:10 
Brooks Laich             1  0  1   1  0   1  3  1  0  0  4/6    12:07   0:00   1:47 
Chris Gratton            0  0  0  -1  0   3  2  0  0  0  2/3    11:32   0:11   1:32 
Dan Hinote               0  0  0  -1  0   0  1  0  0  0  0/0     9:49   0:05   0:00 
Greg De Vries            0  0  0  -1  0   0  0  0  0  0  0/0    15:04   0:00   0:50 
Hnat Domenichelli        0  1  1   1  0   0  1  0  0  0  0/0    12:22   0:14   1:31 
Jason Smith              0  0  0   0  0   3  2  0  0  1  0/0    22:07   2:13   2:57 
Jeff Taffe               0  0  0  -1  5   2  3  1  0  0  0/1     9:31   0:00   0:00 
Joe Sakic                0  0  0  -1  0   1  1  0  1  0  18/29  20:33   3:16   2:25 
Kris Versteeg            0  0  0  -1  0   4  0  0  0  0  1/2    19:36   3:13   1:32 
Kristopher Letang        0  0  0  -1  0   1  4  0  0  2  0/0    23:01   3:44   1:59 
Marek Zidlicky           0  0  0  -1  0   0  4  1  1  0  0/0    22:54   3:44   0:19 
Martin Havlat            0  0  0  -1  0   1  2  0  0  1  0/0    16:02   2:33   0:00 
Matthew Spiller          0  0  0  -1  0   0  1  1  0  1  0/0    17:09   0:00   2:57 
Nikita Alexeev           0  1  1   1  0   2  1  0  1  0  0/0    10:20   0:00   0:00 
Scott Gomez              0  0  0  -1  0   3  0  0  0  0  4/8    16:02   2:33   0:00 
Steve Sullivan           0  0  0  -1  0   2  1  0  2  0  0/0    16:02   2:33   0:00 

Players Stats for Stars

Player Name              G  A  P  +/- PIM S  H  SB GA TA FO     MP     PP MP  PK MP  
------------------------------------------------------------------------------------
Alexei Kovalev           2  0  2   1  0   6  1  0  0  0  0/0    16:55   2:14   0:00 
Branislav Mezei          0  0  0   1  0   2  0  1  0  0  0/0    20:51   2:14   3:26 
Brendan Bell             0  0  0   0  2   0  1  0  0  0  0/0    13:28   2:24   0:00 
Cory Stillman            0  0  0  -1  2   0  0  1  0  1  1/2    19:54   2:22   2:03 
Evgeny Artyukhin         0  0  0   0  0   0  1  0  0  0  1/1    10:42   0:40   0:00 
Filip Novak              0  0  0   1  0   2  0  2  0  2  0/0    23:10   1:59   3:26 
Glen Metropolit          0  0  0   0  0   2  1  0  1  0  0/1    13:12   0:49   2:21 
Jan Hlavac               1  0  1   2  0   4  3  0  1  0  0/0    11:22   1:09   1:45 
Johnny Oduya             0  0  0   1  0   1  0  0  0  0  0/0    21:00   0:37   2:31 
Marcus Nilson            0  0  0   0  0   3  1  0  4  0  0/0    11:43   1:00   0:41 
Mark Parrish             0  1  1   2  0   0  1  0  0  0  0/0     8:27   0:00   0:00 
Mathieu Schneider        0  1  1   1  2   0  3  0  0  1  0/0    25:07   2:52   0:00 
Mike Modano              0  1  1  -1  0   3  1  1  1  0  12/31  20:28   2:22   3:05 
Nathan Horton            0  0  0  -1  0   1  4  0  0  0  1/2    18:17   2:23   0:52 
Patrick O'Sullivan       1  0  1   2  0   3  1  0  0  0  1/3     9:09   0:12   0:15 
Patrik Elias             0  2  2   1  0   2  1  0  0  0  0/0    16:46   2:05   0:00 
Randy Jones              0  0  0   0  0   0  0  1  0  1  0/0    15:50   0:33   2:31 
Steve Rucchin            0  2  2   1  0   1  1  0  0  0  4/10   17:39   2:05   0:52 

3 Stars

1 - Alexei Kovalev (Dal)
2 - Jan Hlavac (Dal)
3 - Miika Kiprusoff (Dal)

Power Play

Blackhawks - 0 on 3 Attempt(s) - 0,00%
Stars - 1 on 2 Attempt(s) - 50,00%

Penalty Kill

Blackhawks - 1 on 2 Attempt(s) - 50,00% - Score 0 goal in Penalty Kill
Stars - 3 on 3 Attempt(s) - 100,00% - Score 0 goal in Penalty Kill

Official

Referees : StLaurent Francois and O'Halloran Dan
Linesman : Tony Sericolo and Steve Miller

Game Notes

Johnny Oduya is injured at 11:39 of 3rd period (Abdominal Strain)

Finance

Level 1 -- Attendance: 4419 (73,65%) -- Ticket Income 441 900 $
Level 2 -- Attendance: 3954 (79,08%) -- Ticket Income 237 240 $
Level 3 -- Attendance: 1376 (68,80%) -- Ticket Income 48 160 $
Level 4 -- Attendance: 3529 (88,23%) -- Ticket Income 70 580 $
Luxury Box -- Attendance: 649 (64,90%) -- Ticket Income 129 800 $
Game was played at the American Airlines Center
Total Attendance: 13927 (77,37%)
Total Ticket Income: 927 680 $
Total Income: 927 680 $

Blackhawks

5 vs 5 Forward 
   Center                   Left Wing                Right Wing               Time % Phy DF OF 
 1 Joe Sakic                Kris Versteeg            Bill Guerin              40     1   2  2  
 2 Scott Gomez              Steve Sullivan           Martin Havlat            30     1   2  2  
 3 Brooks Laich             Hnat Domenichelli        Nikita Alexeev           20     1   2  2  
 4 Chris Gratton            Jeff Taffe               Dan Hinote               10     1   2  2  

5 vs 5 Defense 
   Defense                  Defense                                           Time % Phy DF OF 
 1 Kristopher Letang        Marek Zidlicky                                    40     1   2  2  
 2 Brent Sopel              Jason Smith                                       30     1   2  2  
 3 Greg De Vries            Matthew Spiller                                   20     1   2  2  
 4 Jason Smith              Marek Zidlicky                                    10     1   2  2  

PowerPlay Forward 
   Center                   Left Wing                Right Wing               Time % Phy DF OF 
 1 Joe Sakic                Kris Versteeg            Bill Guerin              60     1   2  2  
 2 Scott Gomez              Steve Sullivan           Martin Havlat            40     1   2  2  

PowerPlay Defense
   Defense                  Defense                                           Time % Phy DF OF 
 1 Kristopher Letang        Marek Zidlicky                                    60     1   2  2  
 2 Brent Sopel              Jason Smith                                       40     1   2  2  

Penalty Kill 4 Players Forward 
   Center                   Wing                     Time % Phy DF OF 
 1 Joe Sakic                Bill Guerin              60     1   2  2  
 2 Chris Gratton            Kris Versteeg            40     1   2  2  

Penalty Kill 4 Players Defense
   Defense                  Defense                  Time % Phy DF OF 
 1 Jason Smith              Matthew Spiller          60     1   2  2  
 2 Brent Sopel              Kristopher Letang        40     1   2  2  

Penalty Kill - 3 Players Forward 
   Forward                                           Time % Phy DF OF 
 1 Joe Sakic                                         60     1   2  2  
 2 Bill Guerin                                       40     1   2  2  

Penalty Kill - 3 Players Defense
   Defense                  Defense                  Time % Phy DF OF 
 1 Jason Smith              Matthew Spiller          60     1   2  2  
 2 Brent Sopel              Kristopher Letang        40     1   2  2  

4 vs 4 Forward 
   Center                   Wing                     Time % Phy DF OF 
 1 Joe Sakic                Bill Guerin              60     1   2  2  
 2 Scott Gomez              Kris Versteeg            40     1   2  2  

4 vs 4 Defense
   Defense                  Defense                  Time % Phy DF OF 
 1 Jason Smith              Marek Zidlicky           60     1   2  2  
 2 Brent Sopel              Kristopher Letang        40     1   2  2  

Last Minutes Offensive
   Center                   Left Wing                Right Wing               Defense                  Defense                  
   Joe Sakic                Kris Versteeg            Bill Guerin              Jason Smith              Marek Zidlicky           

Last Minutes Defensive
   Center                   Left Wing                Right Wing               Defense                  Defense                  
   Joe Sakic                Kris Versteeg            Bill Guerin              Jason Smith              Marek Zidlicky           

Goaltenders
Starting : Jocelyn Thibault         
Backup : Tyler Weiman             

Extra Forwards
Normal : Hnat Domenichelli, Chris Gratton, Brooks Laich - PP : Hnat Domenichelli, Chris Gratton - PK : Brooks Laich
Extra Defensemen
Normal : Greg De Vries, Matthew Spiller, Brent Sopel - PP : Greg De Vries - PK : Matthew Spiller, Brent Sopel
Penalty Shots
Joe Sakic, Bill Guerin, Kris Versteeg, Steve Sullivan, Martin Havlat

Stars

5 vs 5 Forward 
   Center                   Left Wing                Right Wing               Time % Phy DF OF 
 1 Mike Modano              Cory Stillman            Nathan Horton            40     1   2  2  
 2 Steve Rucchin            Patrik Elias             Alexei Kovalev           30     1   2  2  
 3 Glen Metropolit          Marcus Nilson            Evgeny Artyukhin         20     1   2  2  
 4 Patrick O'Sullivan       Jan Hlavac               Mark Parrish             10     1   2  2  

5 vs 5 Defense 
   Defense                  Defense                                           Time % Phy DF OF 
 1 Mathieu Schneider        Johnny Oduya                                      40     1   2  2  
 2 Branislav Mezei          Filip Novak                                       30     1   2  2  
 3 Randy Jones              Brendan Bell                                      20     1   2  2  
 4 Mathieu Schneider        Filip Novak                                       10     1   2  2  

PowerPlay Forward 
   Center                   Left Wing                Right Wing               Time % Phy DF OF 
 1 Mike Modano              Cory Stillman            Nathan Horton            60     1   2  2  
 2 Steve Rucchin            Patrik Elias             Alexei Kovalev           40     1   2  2  

PowerPlay Defense
   Defense                  Defense                                           Time % Phy DF OF 
 1 Mathieu Schneider        Johnny Oduya                                      60     1   2  2  
 2 Branislav Mezei          Filip Novak                                       40     1   2  2  

Penalty Kill 4 Players Forward 
   Center                   Wing                     Time % Phy DF OF 
 1 Mike Modano              Cory Stillman            60     1   2  2  
 2 Steve Rucchin            Nathan Horton            40     1   2  2  

Penalty Kill 4 Players Defense
   Defense                  Defense                  Time % Phy DF OF 
 1 Branislav Mezei          Filip Novak              60     1   2  2  
 2 Johnny Oduya             Randy Jones              40     1   2  2  

Penalty Kill - 3 Players Forward 
   Forward                                           Time % Phy DF OF 
 1 Mike Modano                                       60     1   2  2  
 2 Steve Rucchin                                     40     1   2  2  

Penalty Kill - 3 Players Defense
   Defense                  Defense                  Time % Phy DF OF 
 1 Branislav Mezei          Filip Novak              60     1   2  2  
 2 Johnny Oduya             Randy Jones              40     1   2  2  

4 vs 4 Forward 
   Center                   Wing                     Time % Phy DF OF 
 1 Mike Modano              Cory Stillman            60     1   2  2  
 2 Steve Rucchin            Patrik Elias             40     1   2  2  

4 vs 4 Defense
   Defense                  Defense                  Time % Phy DF OF 
 1 Mathieu Schneider        Johnny Oduya             60     1   2  2  
 2 Branislav Mezei          Filip Novak              40     1   2  2  

Last Minutes Offensive
   Center                   Left Wing                Right Wing               Defense                  Defense                  
   Mike Modano              Cory Stillman            Nathan Horton            Mathieu Schneider        Filip Novak              

Last Minutes Defensive
   Center                   Left Wing                Right Wing               Defense                  Defense                  
   Mike Modano              Cory Stillman            Nathan Horton            Branislav Mezei          Filip Novak              

Goaltenders
Starting : Miika Kiprusoff          
Backup : Chris Osgood             

Extra Forwards
Normal : Steve Rucchin, Marcus Nilson, Glen Metropolit - PP : Steve Rucchin, Marcus Nilson - PK : Glen Metropolit
Extra Defensemen
Normal : Randy Jones, Brendan Bell, Branislav Mezei - PP : Brendan Bell - PK : Randy Jones, Brendan Bell
Penalty Shots
Mike Modano, Cory Stillman, Nathan Horton, Steve Rucchin, Jan Hlavac

% Time on Ice - Blackhawks

Lines # - Real PCT - Wanted PCT - Time Play
Normal Forward
1 - 31% - 40% - 15:06
2 - 28% - 30% - 13:31
3 - 21% - 20% - 10:20
4 - 20% - 10% - 9:30
Normal Defense
1 - 36% - 40% - 17:16
2 - 32% - 30% - 15:24
3 - 29% - 20% - 14:12
4 - 3% - 10% - 1:35
PP Forward
1 - 57% - 60% - 3:24
2 - 43% - 40% - 2:33
PP Defense
1 - 63% - 60% - 3:44
2 - 37% - 40% - 2:13
PK Forward
1 - 73% - 60% - 4:04
2 - 27% - 40% - 1:32
PK Defense
1 - 65% - 60% - 3:37
2 - 35% - 40% - 1:59
PK3 Forward
1 - 0% - 60%
2 - 0% - 40%
PK3 Defense
1 - 0% - 60%
2 - 0% - 40%
44 Forward
1 - 0% - 60%
2 - 0% - 40%
44 Defense
1 - 0% - 60%
2 - 0% - 40%
Last Minute Offensive  - 0:00
Last Minute Defensive  - 0:00
Total
Forward - 60:00
Defense - 60:00

% Time on Ice - Stars

Lines # - Real PCT - Wanted PCT - Time Play
Normal Forward
1 - 32% - 40% - 15:16
2 - 30% - 30% - 14:42
3 - 21% - 20% - 10:02
4 - 17% - 10% - 8:27
Normal Defense
1 - 41% - 40% - 19:48
2 - 27% - 30% - 12:56
3 - 23% - 20% - 11:04
4 - 10% - 10% - 4:39
PP Forward
1 - 63% - 60% - 3:31
2 - 37% - 40% - 2:05
PP Defense
1 - 72% - 60% - 4:01
2 - 28% - 40% - 1:35
PK Forward
1 - 85% - 60% - 5:05
2 - 15% - 40% - 0:52
PK Defense
1 - 58% - 60% - 3:26
2 - 42% - 40% - 2:31
PK3 Forward
1 - 0% - 60%
2 - 0% - 40%
PK3 Defense
1 - 0% - 60%
2 - 0% - 40%
44 Forward
1 - 0% - 60%
2 - 0% - 40%
44 Defense
1 - 0% - 60%
2 - 0% - 40%
Last Minute Offensive  - 0:00
Last Minute Defensive  - 0:00
Total
Forward - 60:00
Defense - 60:00

Play by Play

1st period


0:01 of 1st period - Joe Sakic wins face-off versus Cory Stillman in neutral zone.
0:26 of 1st period - Kristopher Letang is hit by Mathieu Schneider and loses puck.
0:57 of 1st period - Snap shot by Marcus Nilson.
0:57 of 1st period - Stopped by Jocelyn Thibault without a rebound.
0:58 of 1st period - Scott Gomez wins face-off versus Steve Rucchin in Blackhawks zone.
1:12 of 1st period - Wrist shot by Alexei Kovalev.
1:12 of 1st period - Stopped by Jocelyn Thibault with a rebound.
1:14 of 1st period - Wrist shot by Alexei Kovalev.
1:14 of 1st period - Stopped by Jocelyn Thibault with a rebound.
1:24 of 1st period - Brent Sopel is hit by Mark Parrish and loses puck.
1:37 of 1st period - Wrist shot by Steve Sullivan.
1:37 of 1st period - Shot Misses the Net.
1:46 of 1st period - Icing by Scott Gomez.
1:47 of 1st period - Mike Modano wins face-off versus Scott Gomez in Blackhawks zone.
1:48 of 1st period - Wrist shot by Cory Stillman.
1:48 of 1st period - Shot Misses the Net.
1:51 of 1st period - Minor Penalty to Brent Sopel for Interference.
1:52 of 1st period - Bill Guerin wins face-off versus Mike Modano in Blackhawks zone.
2:28 of 1st period - Wrist shot by Alexei Kovalev.
2:28 of 1st period - Goal by Alexei Kovalev - Blackhawks : 0 - Stars : 1.
2:29 of 1st period - Mike Modano wins face-off versus Brooks Laich in neutral zone.
2:54 of 1st period - Steve Rucchin is hit by Jeff Taffe and loses puck.
3:32 of 1st period - Icing by Marcus Nilson.
3:33 of 1st period - Evgeny Artyukhin wins face-off versus Scott Gomez in Stars zone.
3:42 of 1st period - Snap shot by Marcus Nilson.
3:42 of 1st period - Shot Hit the Post.
3:44 of 1st period - Snap shot by Evgeny Artyukhin.
3:44 of 1st period - Shot Misses the Net.
4:13 of 1st period - Snap shot by Marcus Nilson.
4:13 of 1st period - Shot Misses the Net.
4:15 of 1st period - Wrist shot by Glen Metropolit.
4:15 of 1st period - Stopped by Jocelyn Thibault without a rebound.
4:16 of 1st period - Joe Sakic wins face-off versus Mike Modano in Blackhawks zone.
4:16 of 1st period - Joe Sakic is hit by Nathan Horton.
4:42 of 1st period - Marek Zidlicky is hit by Brendan Bell and loses puck.
5:07 of 1st period - Snap shot by Jan Hlavac.
5:07 of 1st period - Shot Misses the Net.
5:09 of 1st period - Slapshot by Filip Novak.
5:09 of 1st period - Stopped by Jocelyn Thibault with a rebound.
5:11 of 1st period - Slapshot by Filip Novak.
5:11 of 1st period - Stopped by Jocelyn Thibault with a rebound.
5:40 of 1st period - Snap shot by Bill Guerin.
5:40 of 1st period - Stopped by Miika Kiprusoff without a rebound.
5:41 of 1st period - Steve Rucchin wins face-off versus Joe Sakic in Stars zone.
5:46 of 1st period - Wrist shot by Alexei Kovalev.
5:46 of 1st period - Shot Misses the Net.
8:30 of 1st period - Brent Sopel is hit by Glen Metropolit and loses puck.
8:43 of 1st period - Snap shot by Scott Gomez.
8:43 of 1st period - Stopped by Miika Kiprusoff without a rebound.
8:44 of 1st period - Steve Rucchin wins face-off versus Scott Gomez in Stars zone.
8:51 of 1st period - Snap shot by Patrik Elias.
8:51 of 1st period - Stopped by Jocelyn Thibault with a rebound.
8:57 of 1st period - Wrist shot by Alexei Kovalev.
8:57 of 1st period - Shot Misses the Net.
9:17 of 1st period - Martin Havlat is hit by Patrik Elias and loses puck.
10:07 of 1st period - Wrist shot by Alexei Kovalev.
10:07 of 1st period - Stopped by Jocelyn Thibault with a rebound.
10:37 of 1st period - Snap shot by Steve Sullivan.
10:37 of 1st period - Shot Misses the Net.
10:53 of 1st period - Wrist shot by Steve Sullivan.
10:53 of 1st period - Shot Misses the Net.
10:55 of 1st period - Snap shot by Steve Sullivan.
10:55 of 1st period - Deflect By Filip Novak.
10:55 of 1st period - Shot Blocked by Branislav Mezei.
10:55 of 1st period - Puck is out of play.
10:56 of 1st period - Joe Sakic wins face-off versus Mike Modano in Stars zone.
11:05 of 1st period - Wrist shot by Kris Versteeg.
11:05 of 1st period - Shot Misses the Net.
11:07 of 1st period - Slapshot by Marek Zidlicky.
11:07 of 1st period - Shot Misses the Net.
11:33 of 1st period - Wrist shot by Jeff Taffe.
11:33 of 1st period - Shot Misses the Net.
12:07 of 1st period - Wrist shot by Patrick O'Sullivan.
12:07 of 1st period - Stopped by Jocelyn Thibault with a rebound.
12:27 of 1st period - Slapshot by Jeff Taffe.
12:27 of 1st period - Stopped by Miika Kiprusoff with a rebound.
12:33 of 1st period - Snap shot by Patrick O'Sullivan.
12:33 of 1st period - Shot Blocked by Marek Zidlicky.
12:37 of 1st period - Snap shot by Jan Hlavac.
12:37 of 1st period - Shot Blocked by Jeff Taffe.
12:39 of 1st period - Snap shot by Jan Hlavac.
12:39 of 1st period - Stopped by Jocelyn Thibault with a rebound.
13:23 of 1st period - Wrist shot by Patrick O'Sullivan.
13:23 of 1st period - Stopped by Jocelyn Thibault without a rebound.
13:24 of 1st period - Mike Modano wins face-off versus Joe Sakic in Blackhawks zone.
13:25 of 1st period - Backhand shot by Cory Stillman.
13:25 of 1st period - Deflect By Mike Modano.
13:25 of 1st period - Stopped by Jocelyn Thibault without a rebound.
13:26 of 1st period - Mike Modano wins face-off versus Kris Versteeg in Blackhawks zone.
13:49 of 1st period - Icing by Jason Smith.
13:50 of 1st period - Brooks Laich wins face-off versus Glen Metropolit in Blackhawks zone.
13:55 of 1st period - Mathieu Schneider is hit by Brooks Laich.
14:22 of 1st period - Off-side.
14:23 of 1st period - Mike Modano wins face-off versus Joe Sakic in neutral zone.
16:09 of 1st period - Icing by Alexei Kovalev.
16:10 of 1st period - Scott Gomez wins face-off versus Steve Rucchin in Stars zone.
16:17 of 1st period - Slapshot by Steve Sullivan.
16:17 of 1st period - Stopped by Miika Kiprusoff with a rebound.
16:43 of 1st period - Snap shot by Nathan Horton.
16:43 of 1st period - Stopped by Jocelyn Thibault without a rebound.
16:44 of 1st period - Joe Sakic wins face-off versus Mike Modano in Blackhawks zone.
16:53 of 1st period - Slapshot by Kris Versteeg.
16:53 of 1st period - Stopped by Miika Kiprusoff with a rebound.
17:11 of 1st period - Wrist shot by Alexei Kovalev.
17:11 of 1st period - Shot Misses the Net.
17:13 of 1st period - Snap shot by Patrik Elias.
17:13 of 1st period - Deflect By Alexei Kovalev.
17:13 of 1st period - Stopped by Jocelyn Thibault without a rebound.
17:14 of 1st period - Brooks Laich wins face-off versus Mike Modano in Blackhawks zone.
17:25 of 1st period - Snap shot by Brooks Laich.
17:25 of 1st period - Goal by Brooks Laich - Blackhawks : 1 - Stars : 1.
17:26 of 1st period - Joe Sakic wins face-off versus Mike Modano in neutral zone.
17:32 of 1st period - Off-side.
17:33 of 1st period - Joe Sakic wins face-off versus Mike Modano in neutral zone.
18:10 of 1st period - Wrist shot by Nikita Alexeev.
18:10 of 1st period - Shot Misses the Net.
18:48 of 1st period - Wrist shot by Steve Sullivan.
18:48 of 1st period - Stopped by Miika Kiprusoff without a rebound.
18:49 of 1st period - Joe Sakic wins face-off versus Mike Modano in Stars zone.
19:04 of 1st period - Slapshot by Nathan Horton.
19:04 of 1st period - Shot Blocked by Matthew Spiller.
19:40 of 1st period - Snap shot by Nikita Alexeev.
19:40 of 1st period - Deflect By Johnny Oduya.
19:40 of 1st period - Stopped by Miika Kiprusoff without a rebound.
19:41 of 1st period - Joe Sakic wins face-off versus Nathan Horton in Stars zone.
19:48 of 1st period - Nathan Horton is hit by Kristopher Letang and loses puck.

2nd period


0:01 of 2nd period - Joe Sakic wins face-off versus Mike Modano in neutral zone.
0:06 of 2nd period - Snap shot by Joe Sakic.
0:06 of 2nd period - Stopped by Miika Kiprusoff without a rebound.
0:07 of 2nd period - Joe Sakic wins face-off versus Mike Modano in Stars zone.
0:10 of 2nd period - Snap shot by Kris Versteeg.
0:10 of 2nd period - Shot Misses the Net.
0:38 of 2nd period - Slapshot by Marcus Nilson.
0:38 of 2nd period - Stopped by Jocelyn Thibault with a rebound.
0:54 of 2nd period - Snap shot by Nikita Alexeev.
0:54 of 2nd period - Stopped by Miika Kiprusoff without a rebound.
0:55 of 2nd period - Steve Rucchin wins face-off versus Brooks Laich in Stars zone.
1:43 of 2nd period - Snap shot by Joe Sakic.
1:43 of 2nd period - Shot Misses the Net.
1:48 of 2nd period - Off-side.
1:49 of 2nd period - Joe Sakic wins face-off versus Mike Modano in neutral zone.
2:14 of 2nd period - Kristopher Letang is hit by Mathieu Schneider and loses puck.
2:45 of 2nd period - Kristopher Letang is hit by Marcus Nilson.
2:57 of 2nd period - Mark Parrish is hit by Chris Gratton and loses puck.
3:24 of 2nd period - Wrist shot by Kris Versteeg.
3:24 of 2nd period - Shot Misses the Net.
3:26 of 2nd period - Slapshot by Kristopher Letang.
3:26 of 2nd period - Stopped by Miika Kiprusoff with a rebound.
3:46 of 2nd period - Wrist shot by Patrik Elias.
3:46 of 2nd period - Stopped by Jocelyn Thibault with a rebound.
4:10 of 2nd period - Snap shot by Marcus Nilson.
4:10 of 2nd period - Shot Misses the Net.
4:12 of 2nd period - Snap shot by Glen Metropolit.
4:12 of 2nd period - Stopped by Jocelyn Thibault with a rebound.
5:03 of 2nd period - Wrist shot by Scott Gomez.
5:03 of 2nd period - Stopped by Miika Kiprusoff with a rebound.
5:31 of 2nd period - Martin Havlat is hit by Evgeny Artyukhin and loses puck.
5:42 of 2nd period - Wrist shot by Bill Guerin.
5:42 of 2nd period - Shot Blocked by Mike Modano.
5:44 of 2nd period - Snap shot by Joe Sakic.
5:44 of 2nd period - Shot Misses the Net.
5:46 of 2nd period - Wrist shot by Kris Versteeg.
5:46 of 2nd period - Shot Misses the Net.
5:48 of 2nd period - Backhand shot by Jason Smith.
5:48 of 2nd period - Stopped by Miika Kiprusoff with a rebound.
5:52 of 2nd period - Snap shot by Kris Versteeg.
5:52 of 2nd period - Stopped by Miika Kiprusoff without a rebound.
5:53 of 2nd period - Joe Sakic wins face-off versus Steve Rucchin in Stars zone.
5:58 of 2nd period - Snap shot by Kris Versteeg.
5:58 of 2nd period - Shot Misses the Net.
6:49 of 2nd period - Dan Hinote is hit by Mathieu Schneider and loses puck.
7:08 of 2nd period - Mark Parrish is hit by Steve Sullivan and loses puck.
7:13 of 2nd period - Wrist shot by Scott Gomez.
7:13 of 2nd period - Stopped by Miika Kiprusoff without a rebound.
7:14 of 2nd period - Nathan Horton wins face-off versus Joe Sakic in Stars zone.
7:14 of 2nd period - Nathan Horton is hit by Joe Sakic.
8:12 of 2nd period - Backhand shot by Jan Hlavac.
8:12 of 2nd period - Stopped by Jocelyn Thibault with a rebound.
8:14 of 2nd period - Wrist shot by Mark Parrish.
8:14 of 2nd period - Shot Misses the Net.
8:16 of 2nd period - Wrist shot by Jan Hlavac.
8:16 of 2nd period - Goal by Jan Hlavac - Blackhawks : 1 - Stars : 2.
8:17 of 2nd period - Mike Modano wins face-off versus Joe Sakic in neutral zone.
8:26 of 2nd period - Wrist shot by Kris Versteeg.
8:26 of 2nd period - Shot Misses the Net.
8:27 of 2nd period - Minor Penalty to Mathieu Schneider for Cross-checking.
8:28 of 2nd period - Cory Stillman wins face-off versus Joe Sakic in Stars zone.
8:59 of 2nd period - Branislav Mezei is hit by Kristopher Letang and loses puck.
9:26 of 2nd period - Randy Jones is hit by Jason Smith.
10:27 of 2nd period - Penalty to Mathieu Schneider is over, Mathieu Schneider is back on ice.
10:34 of 2nd period - Off-side.
10:35 of 2nd period - Brooks Laich wins face-off versus Steve Rucchin in neutral zone.
10:38 of 2nd period - Mathieu Schneider is hit by Hnat Domenichelli and loses puck.
11:11 of 2nd period - Alexei Kovalev is hit by Jeff Taffe and loses puck.
11:33 of 2nd period - Snap shot by Steve Sullivan.
11:33 of 2nd period - Shot Blocked by Filip Novak.
11:45 of 2nd period - Slapshot by Hnat Domenichelli.
11:45 of 2nd period - Shot Misses the Net.
12:25 of 2nd period - Filip Novak is hit by Kristopher Letang and loses puck.
12:48 of 2nd period - Wrist shot by Chris Gratton.
12:48 of 2nd period - Shot Misses the Net.
12:56 of 2nd period - Randy Jones is hit by Marek Zidlicky and loses puck.
13:11 of 2nd period - Kris Versteeg is hit by Steve Rucchin and loses puck.
13:19 of 2nd period - Off-side.
13:20 of 2nd period - Scott Gomez wins face-off versus Mike Modano in neutral zone.
13:33 of 2nd period - Snap shot by Mike Modano.
13:33 of 2nd period - Stopped by Jocelyn Thibault with a rebound.
13:45 of 2nd period - Snap shot by Johnny Oduya.
13:45 of 2nd period - Stopped by Jocelyn Thibault with a rebound.
14:13 of 2nd period - Wrist shot by Marcus Nilson.
14:13 of 2nd period - Shot Misses the Net.
14:15 of 2nd period - Wrist shot by Marcus Nilson.
14:15 of 2nd period - Stopped by Jocelyn Thibault without a rebound.
14:16 of 2nd period - Joe Sakic wins face-off versus Mike Modano in Blackhawks zone.
14:27 of 2nd period - Snap shot by Joe Sakic.
14:27 of 2nd period - Shot Blocked by Cory Stillman.
14:29 of 2nd period - Wrist shot by Greg De Vries.
14:29 of 2nd period - Shot Misses the Net.
14:31 of 2nd period - Slapshot by Joe Sakic.
14:31 of 2nd period - Shot Blocked by Randy Jones.
15:07 of 2nd period - Wrist shot by Marcus Nilson.
15:07 of 2nd period - Shot Hit the Post.
15:27 of 2nd period - Minor Penalty to Brendan Bell for Hooking.
15:28 of 2nd period - Mike Modano wins face-off versus Joe Sakic in Stars zone.
15:34 of 2nd period - Icing by Kris Versteeg.
15:35 of 2nd period - Mike Modano wins face-off versus Joe Sakic in Blackhawks zone.
16:08 of 2nd period - Steve Rucchin is hit by Martin Havlat and loses puck.
17:11 of 2nd period - Joe Sakic is hit by Jan Hlavac and loses puck.
17:27 of 2nd period - Penalty to Brendan Bell is over, Brendan Bell is back on ice.
17:39 of 2nd period - Mathieu Schneider is hit by Jason Smith and loses puck.
17:42 of 2nd period - Snap shot by Jan Hlavac.
17:42 of 2nd period - Stopped by Jocelyn Thibault without a rebound.
17:43 of 2nd period - Brooks Laich wins face-off versus Patrick O'Sullivan in Blackhawks zone.
18:37 of 2nd period - Scott Gomez is hit by Nathan Horton and loses puck.
18:50 of 2nd period - Snap shot by Steve Sullivan.
18:50 of 2nd period - Shot Blocked by Filip Novak.

3rd period


0:01 of 3rd period - Joe Sakic wins face-off versus Mike Modano in neutral zone.
0:05 of 3rd period - Minor Penalty to Cory Stillman for Boarding.
0:06 of 3rd period - Joe Sakic wins face-off versus Mike Modano in Stars zone.
0:07 of 3rd period - Slapshot by Kris Versteeg.
0:07 of 3rd period - Stopped by Miika Kiprusoff without a rebound.
0:08 of 3rd period - Kris Versteeg wins face-off versus Mike Modano in Stars zone.
0:33 of 3rd period - Branislav Mezei is hit by Marek Zidlicky and loses puck.
2:05 of 3rd period - Penalty to Cory Stillman is over, Cory Stillman is back on ice.
2:10 of 3rd period - Randy Jones is hit by Marek Zidlicky and loses puck.
2:27 of 3rd period - Snap shot by Alexei Kovalev.
2:27 of 3rd period - Shot Misses the Net.
3:34 of 3rd period - Branislav Mezei is hit by Brooks Laich and loses puck.
3:55 of 3rd period - Dan Hinote is hit by Patrick O'Sullivan and loses puck.
4:56 of 3rd period - Joe Sakic is hit by Mike Modano and loses puck.
5:11 of 3rd period - Snap shot by Marcus Nilson.
5:11 of 3rd period - Shot Misses the Net.
5:59 of 3rd period - Cory Stillman is hit by Dan Hinote and loses puck.
6:14 of 3rd period - Nathan Horton is hit by Jeff Taffe and loses puck.
6:29 of 3rd period - Snap shot by Chris Gratton.
6:29 of 3rd period - Stopped by Miika Kiprusoff with a rebound.
6:31 of 3rd period - Snap shot by Dan Hinote.
6:31 of 3rd period - Shot Misses the Net.
6:33 of 3rd period - Slapshot by Jason Smith.
6:33 of 3rd period - Stopped by Miika Kiprusoff without a rebound.
6:34 of 3rd period - Steve Rucchin wins face-off versus Joe Sakic in Stars zone.
6:47 of 3rd period - Wrist shot by Steve Rucchin.
6:47 of 3rd period - Stopped by Jocelyn Thibault with a rebound.
6:49 of 3rd period - Snap shot by Alexei Kovalev.
6:49 of 3rd period - Goal by Alexei Kovalev - Blackhawks : 1 - Stars : 3.
6:50 of 3rd period - Joe Sakic wins face-off versus Steve Rucchin in neutral zone.
7:02 of 3rd period - Off-side.
7:03 of 3rd period - Mike Modano wins face-off versus Joe Sakic in neutral zone.
7:19 of 3rd period - Snap shot by Mike Modano.
7:19 of 3rd period - Deflect By Cory Stillman.
7:19 of 3rd period - Shot Misses the Net.
7:19 of 3rd period - Puck is out of play.
7:20 of 3rd period - Scott Gomez wins face-off versus Steve Rucchin in Blackhawks zone.
7:20 of 3rd period - Scott Gomez is hit by Alexei Kovalev.
7:46 of 3rd period - Steve Rucchin is hit by Marek Zidlicky and loses puck.
8:33 of 3rd period - Slapshot by Jason Smith.
8:33 of 3rd period - Stopped by Miika Kiprusoff without a rebound.
8:34 of 3rd period - Chris Gratton wins face-off versus Patrick O'Sullivan in Stars zone.
8:35 of 3rd period - Snap shot by Jeff Taffe.
8:35 of 3rd period - Stopped by Miika Kiprusoff without a rebound.
8:36 of 3rd period - Patrick O'Sullivan wins face-off versus Jeff Taffe in Stars zone.
8:51 of 3rd period - Snap shot by Chris Gratton.
8:51 of 3rd period - Stopped by Miika Kiprusoff without a rebound.
8:52 of 3rd period - Joe Sakic wins face-off versus Mike Modano in Stars zone.
8:55 of 3rd period - Snap shot by Kris Versteeg.
8:55 of 3rd period - Stopped by Miika Kiprusoff with a rebound.
9:03 of 3rd period - Slapshot by Mike Modano.
9:03 of 3rd period - Shot Misses the Net.
9:05 of 3rd period - Snap shot by Mike Modano.
9:05 of 3rd period - Stopped by Jocelyn Thibault with a rebound.
9:25 of 3rd period - Slapshot by Branislav Mezei.
9:25 of 3rd period - Deflect By Bill Guerin.
9:25 of 3rd period - Stopped by Jocelyn Thibault with a rebound.
9:27 of 3rd period - Slapshot by Branislav Mezei.
9:27 of 3rd period - Shot Misses the Net.
9:29 of 3rd period - Wrist shot by Glen Metropolit.
9:29 of 3rd period - Shot Hit the Post.
9:39 of 3rd period - Bill Guerin is hit by Jan Hlavac and loses puck.
9:57 of 3rd period - Jason Smith is hit by Jan Hlavac and loses puck.
10:32 of 3rd period - Slapshot by Mathieu Schneider.
10:32 of 3rd period - Shot Misses the Net.
10:34 of 3rd period - Slapshot by Patrik Elias.
10:34 of 3rd period - Shot Misses the Net.
10:36 of 3rd period - Wrist shot by Alexei Kovalev.
10:36 of 3rd period - Shot Misses the Net.
10:38 of 3rd period - Snap shot by Alexei Kovalev.
10:38 of 3rd period - Shot Blocked by Brooks Laich.
11:10 of 3rd period - Slapshot by Patrick O'Sullivan.
11:10 of 3rd period - Goal by Patrick O'Sullivan - Blackhawks : 1 - Stars : 4.
11:11 of 3rd period - Mike Modano wins face-off versus Scott Gomez in neutral zone.
11:38 of 3rd period - Johnny Oduya is hit by Nikita Alexeev and loses puck.
11:39 of 3rd period - Johnny Oduya from Stars is injured at 11:39 of 3rd period (Abdominal Strain).
11:40 of 3rd period - Mike Modano wins face-off versus Joe Sakic in Stars zone.
12:05 of 3rd period - Steve Rucchin is hit by Kristopher Letang and loses puck.
13:05 of 3rd period - Slapshot by Branislav Mezei.
13:05 of 3rd period - Stopped by Jocelyn Thibault without a rebound.
13:06 of 3rd period - Chris Gratton wins face-off versus Mike Modano in Blackhawks zone.
13:06 of 3rd period - Chris Gratton is hit by Nathan Horton.
13:24 of 3rd period - Jeff Taffe is hit by Nathan Horton and loses puck.
13:26 of 3rd period - Major Penalty to Jeff Taffe for Checking from behind.
13:27 of 3rd period - Joe Sakic wins face-off versus Mike Modano in Blackhawks zone.
15:29 of 3rd period - Wrist shot by Chris Gratton.
15:29 of 3rd period - Deflect By Jan Hlavac.
15:29 of 3rd period - Stopped by Miika Kiprusoff without a rebound.
15:30 of 3rd period - Mike Modano wins face-off versus Chris Gratton in Stars zone.
16:05 of 3rd period - Cory Stillman is hit by Matthew Spiller and loses puck.
18:26 of 3rd period - Penalty to Jeff Taffe is over, Jeff Taffe is back on ice.
18:33 of 3rd period - Wrist shot by Martin Havlat.
18:33 of 3rd period - Stopped by Miika Kiprusoff with a rebound.
18:47 of 3rd period - Glen Metropolit is hit by Chris Gratton and loses puck.
19:00 of 3rd period - Mark Parrish is hit by Martin Havlat and loses puck.
19:36 of 3rd period - Branislav Mezei is hit by Brooks Laich and loses puck.


Output by the SimonT Hockey Simulator (STHS) for François Prévost -- Original Page W3C XHTML 1.0 Valid
Hockey Simulator - Hockey Simulation - Hockey Manager